 Dungeon Crawl Stone Soup version 0.23-a0-13-gb09bef45d9 (webtiles) character file.

175 Htamos the Skirmisher (level 5, -2/48 HPs)
             Began as a Hill Orc Fighter on Aug 2, 2018.
             Slain by an adder skeleton (3 damage)
             ... while paralysed by Grinder
             ... on level 3 of the Dungeon.
             The game lasted 00:05:14 (3113 turns).

Htamos the Skirmisher (Hill Orc Fighter)            Turns: 3113, Time: 00:05:15

Health: -2/48      AC:  7    Str: 16 (19) XL:     5   Next: 55%
Magic:  5/5        EV:  2    Int: 12 (13) God:
Gold:   173        SH:  0    Dex:  9 (11) Spells: 4/4 levels left

rFire    . . .     SeeInvis .   a - +0 flail
rCold    . . .     Gourm    .   c - +1 shield
rNeg     . . .     Faith    .   b - +0 scale mail
rPois    .         Spirit   .   (no helmet)
rElec    .         Reflect  .   (no cloak)
rCorr    .         Harm     .   (no gloves)
MR       .....                  (no boots)
Stlth    ..........             (no amulet)
HPRegen  0.16/turn              (no ring)
MPRegen  0.09/turn              (no ring)

@: paralysed, brilliant
A: no striking features
a: no special abilities


You were on level 3 of the Dungeon.
You were hungry.

You visited 1 branch of the dungeon, and saw 3 of its levels.

You collected 173 gold pieces.

Inventory:

Hand Weapons
 a - a +0 flail (weapon)
Armour
 b - a +0 scale mail (worn)
 c - a +1 shield (worn)
Scrolls
 g - a scroll of immolation {unknown}
 h - 2 scrolls of identify {unknown}
 i - a scroll of amnesia
 j - a scroll of teleportation {unknown}
 k - a scroll of enchant armour
 l - a scroll of remove curse
 o - a scroll of magic mapping {unknown}
Comestibles
 f - 4 rations


   Skills:
 * Level 5.0 Fighting
 + Level 3.3 Maces & Flails
 + Level 4.1 Armour
 + Level 4.5 Shields


You had 4 spell levels left.
You didn't know any spells.
Your spell library was empty.

Dungeon Overview and Level Annotations

Branches:
Dungeon (3/15)

Altars:
Ru
The Shining One

Annotations:
D:3 Grinder


Message History

It is a scroll of amnesia.
You feel forgetful for a moment. You block the adder skeleton's attack.
Grinder blinks!
As you read the scroll labeled JESORPHA QOEZ, it crumbles to dust.
It is a scroll of enchant armour.
Your +0 shield glows green for a moment.
You block the adder skeleton's attack.
Your shield and scale mail prevent you from hitting the adder skeleton.
You block the adder skeleton's attack.
The adder skeleton bites you but does no damage.
You closely miss the adder skeleton. Grinder gestures at you.
Pain shoots through your body!
* * * LOW HITPOINT WARNING * * *
You block the adder skeleton's attack.
You sock the adder skeleton!
The adder skeleton is severely damaged.
Grinder gestures at you.
You suddenly lose the ability to move!
The adder skeleton bites you.
You die...

#.......#
####.#.##.##
#....#.##...
#......##...
#....####...
+.....# #...
#######.....#
#...
#.....5.....#
#.##
#@###########
#... #ZZ.#
#### ....###
...... .....
....# ....
...


You could see Grinder, an adder zombie and an adder skeleton.

Vanquished Creatures
  2 hound zombies (D:3)
  A howler monkey zombie (D:3)
  3 gnolls
  2 adders (D:2)
  An ooze (D:1)
  4 worms (D:2)
  3 dart slugs
  3 leopard geckos
  2 giant cockroaches
  8 goblins
  6 hobgoblins
  5 jackals
  9 kobolds
  5 bats (D:1)
  4 frilled lizards
  A giant cockroach zombie (D:3)
  A jackal skeleton (D:3)
  A quokka skeleton (D:3)
  5 rats
66 creatures vanquished.

Notes
Turn   | Place    | Note
-------+----------+-------------------------------------------
     0 | D:1      | Htamos the Hill Orc Fighter began the quest for the Orb.
     0 | D:1      | Reached XP level 1. HP: 19/19 MP: 1/1
    93 | D:1      | Reached XP level 2. HP: 27/27 MP: 2/2
   396 | D:1      | Reached XP level 3. HP: 33/33 MP: 3/3
   496 | D:1      | Reached skill level 4 in Fighting
  1347 | D:2      | Reached XP level 4. HP: 31/40 MP: 4/4
  1699 | D:2      | Found a glowing golden altar of the Shining One.
  1699 | D:2      | Found a sacrificial altar of Ru.
  2659 | D:2      | Reached XP level 5. HP: 39/47 MP: 5/5
  3051 | D:3      | Reached skill level 5 in Fighting
  3054 | D:3      | Noticed Grinder
  3079 | D:3      | Paralysed by Grinder for 3 turns
  3103 | D:3      | Paralysed by Grinder for 2 turns
  3112 | D:3      | HP: 1/48 [Grinder/nerve-wracking pain (8)]
  3113 | D:3      | Paralysed by Grinder for 7 turns
  3113 | D:3      | Slain by an adder skeleton

Vault maps used:
D:1:      co_arrival_random_square_maze, minivault_26
D:2:      gammafunk_temple_overflow_statue
D:3:      kennysheep_big_flooded_room, serial_undead, serial_undead_a,
          serial_undead_c, serial_undead_b, serial_undead_e, serial_undead_b,
          serial_undead_d, uniq_grinder

Skill      XL: |  1  2  3  4  5 |
---------------+----------------+-----
Fighting       | 4 5 |  5.0
Shields        | 4 |  4.5
Maces & Flails | 3 |  3.3
Armour         | 4 |  4.1

Action                   |  1- 3 |  4- 6 || total
-------------------------+-------+-------++-------
Melee: Flail             |   162 |   130 ||   292
  Use: Potion            |       |     4 ||     4
       Scroll            |       |     3 ||     3
  Eat: Chunk             |     2 |     5 ||     7
Armor: Scale mail        |    76 |    39 ||   115
       Skin              |       |    11 ||    11
Dodge: Dodged            |    53 |    43 ||    96
Block: Shield            |    97 |    60 ||   157

Table legend:
 A = Spawn XP
 B = Non-spawn XP
 C = Spawn XP percentage of total XP
 D = Spawn monster count
 E = Non-spawn monster count
 F = Spawn count percentage of total count
 G = Total turns spent on level
                    A         B        C        D         E        F      G
               +---------+---------+-------+---------+---------+-------+---------
         Total |       0 |     251 |   0.0 |       0 |      66 |   0.0 |  3113
               +---------+---------+-------+---------+---------+-------+---------
           D:1 |       0 |      75 |   0.0 |       0 |      32 |   0.0 |  1238
           D:2 |       0 |     102 |   0.0 |       0 |      22 |   0.0 |  1439
           D:3 |       0 |      74 |   0.0 |       0 |      12 |   0.0 |   436
               +---------+---------+-------+---------+---------+-------+---------
